Map: Berlingrad LE

Players

MCMXI - Winner!

  • Race: Zerg Zerg

VOD

Have the link to the VOD?

Description

Time

  • Played on: Jan. 22, 2022, 1:15 p.m.
  • Length: 10:35
Show
View Real Time Build Order
Export as new Build Order

MCMXI Zerg - Winner!

Build Orders:  

Get SALT Encoding   

  12  0:00  Drone  
  13  0:17  Overlord  
  13  0:23  Drone  
  14  0:43  Drone x2  
  16  0:57  Spawning Pool  
  15  1:01  Drone  
  15  1:06  Extractor  
  15  1:08  Extractor  
  14  1:12  Drone  
  14  1:19  Drone  
  16  1:34  Drone  
  17  1:49  Drone  
  18  2:03  Drone  
  19  2:30  Lair  
  19  2:33  Hatchery  
  19  2:39  Drone  
  19  2:43  Drone  
  20  2:51  Drone  
  21  3:04  Drone  
  22  3:19  Overlord  
  22  3:35  Infestation Pit  
  22  3:37  Nydus Network  
  22  3:38  Drone  
  21  3:49  Drone  
  22  4:04  Overlord  
  22  4:26  Swarm Host x2  
  22  4:29  Swarm Host  
  31  4:34  Swarm Host  
  34  4:51  Swarm Host  
  37  5:13  Nydus Canal  
  37  5:21  Queen x2  
  37  5:29  Drone x2  
  43  5:32  Drone  
  44  6:02  Overlord x2  
  44  6:30  Swarm Host  
  44  6:31  Swarm Host x3  
  44  6:36  Drone x2  
  58  6:50  Overlord  
  58  6:51  Overlord  
  58  7:16  Drone  
  58  7:17  Drone x5  
  64  7:22  Drone x2  
  66  7:37  Drone x2  
  68  7:49  Overlord  
  68  7:52  Metabolic Boost  
  68  8:18  Zergling x12  
  74  8:38  Hatchery  
  74  8:39  Zergling x8  
  77  8:40  Zergling x6  
  77  8:46  Zergling x2  
  77  8:47  Zergling x2  
  82  9:24  Zergling x4  
  82  9:26  Overlord x2  
  83  9:50  Overlord  
  83  9:51  Overlord x4  
  83  9:52  Overlord  
  83  10:06  Zergling x4  
Tags
 
Add a new tag
Caveats
  • Supply blocks, unpowered buildings, or Contaminate may cause inaccurate times.
  • Supply counts are checked every 10 seconds.